 Dungeon Crawl Stone Soup version 0.17-a0-1481-gfdcec5c (webtiles) character file.

1840 amnekian the Protected (level 8, 64/64 HPs)
             Began as a Minotaur Fighter on July 4, 2015.
             Got out of the dungeon alive.
             The game lasted 00:26:29 (7063 turns).

amnekian the Protected (Minotaur Fighter)           Turns: 7063, Time: 00:26:29

Health: 64/64      AC: 17    Str: 22    XL:     8   Next: 87%
Magic:  9/9        EV:  7    Int:  5    God:    Xom [...*..]
Gold:   283        SH: 11    Dex: 11    Spells: 0 memorised, 7 levels left

rFire  . . .     SeeInvis .     a - +2 long sword
rCold  . . .     Clarity  .     y - +0 chain mail
rNeg   + . .     SustAt   .     c - +0 shield
rPois  .         Gourm    .     (helmet restricted)
rElec  .         Spirit   .     K - +2 cloak
rCorr  .         Warding  +     L - +1 pair of gloves
rMut   .         Stasis   .     (no boots)
MR     .....                    i - amulet of warding
Stlth  ..........               (no ring)
                                p - +4 ring of slaying

@: not resistant to hostile enchantments, extremely unstealthy
A: retaliatory headbutt, horns 2
a: Renounce Religion


You escaped.
You worshipped Xom.
You were a favourite toy of Xom.
You were very hungry.

You visited 2 branches of the dungeon, and saw 9 of its levels.
You also visited: Sewer and Ossuary.

You collected 283 gold pieces.

Inventory:

Hand weapons
 a - a +2 long sword (weapon)
 b - a +0 hunting sling
Missiles
 j - 3 javelins
 m - 209 stones (quivered)
 q - 43 sling bullets
 t - 10 tomahawks
Armour
 c - a +0 shield (worn)
 g - a +0 scale mail
 y - a +0 chain mail (worn)
 K - a +2 cloak (worn)
 L - a +1 pair of gloves (worn)
Jewellery
 i - an amulet of warding (around neck)
 p - a +4 ring of slaying (left hand)
 D - an uncursed amulet of warding
 R - an uncursed ring of protection from cold
 T - a cursed ring of teleportation {unknown}
Magical devices
 C - a wand of invisibility (4)
 Q - a wand of paralysis (6)
 V - a wand of confusion (16)
Scrolls
 s - 4 scrolls of remove curse
 u - 4 scrolls of recharging {unknown}
 v - a scroll of blinking {unknown}
 B - a scroll of torment {unknown}
 E - 3 scrolls of teleportation
 G - a scroll of brand weapon {unknown}
 N - a scroll of magic mapping {unknown}
 U - a scroll of immolation {unknown}
Potions
 d - 2 potions of might
 f - 3 potions of curing
 h - 2 potions of heal wounds
 k - 3 potions of lignification
 o - a potion of brilliance
 r - 3 potions of haste
 x - a potion of magic
 z - 4 potions of flight
 F - a potion of agility {unknown}
 H - a potion of ambrosia
 I - a potion of cancellation {unknown}
 M - a potion of mutation {unknown}
 P - a potion of resistance {unknown}
Books
 O - a Necronomicon

   Spells                             Type                      Level
   a - Haunt                          Necromancy/Summoning         7
   b - Borgnjor's Revivification      Necromancy                   8
   c - Death's Door                   Charms/Necromancy            8
   d - Necromutation                  Transmutation/Necromancy     8
Comestibles
 e - 4 bread rations
 l - a royal jelly
 n - 5 chunks of flesh
 w - 2 slices of pizza
 A - 3 meat rations
 J - 4 fruits


   Skills:
 - Level 3.6 Fighting
 - Level 8.0 Long Blades
 - Level 9.0 Armour
 - Level 0.4 Dodging
 - Level 7.5 Shields
 * Level 3.2 Evocations


You had 7 spell levels left.
You didn't know any spells.

Dungeon Overview and Level Annotations

Branches:
Dungeon (8/15)             Temple (1/1) D:4            Lair (0/8) D:8

Altars:
Ashenzari
Cheibriados
Dithmenos
Elyvilon
Fedhas
Kikubaaqudgha
Makhleb
Qazlal
Ru
Sif Muna
Trog
Xom
Yredelemnul
Zin


Innate Abilities, Weirdness & Mutations

You reflexively headbutt those who attack you in melee.
You have a pair of horns on your head.


Message History

You kill the worker ant!
No target in view!
(D) Dungeon (T) Temple (L) Lair
Where to? (Enter - D:1, ? - help)
There is a stone staircase leading up, spattered with blood here.
You climb upwards.
There is a stone staircase leading down here.
There is a stone staircase leading up here.
You climb upwards.
There is a stone staircase leading down here.
HP restored.
There is a stone staircase leading up here.
You climb upwards.
There is a stone staircase leading down here.
You see here a leather armour.
You are feeling very hungry.
There is an open door here.
There is a staircase leading out of the dungeon here.
Are you sure you want to leave the Dungeon?
This will make you lose the game!
You have escaped!

#..#.#............#.....#
#....#.##########.##...##
#.#..#.# #.###'##
#.#..#.#
#.##..###########
#.##.#.#
#...............#
#.##.#.#
#####..##########.#
...#.#.# ##...##.# #.#
####...# #.....#.## #.#
#......# #..@..'.⌠# #.#
#.###..# #.....#### #.#
#'####.# ##...## #.# ...#
#.# ############ #.# ...#
#[# #..........# #.# ...#
#># #.####.###.# #.# ...#
### #.# #.###'## #.. ...#
#.# #.##...## ### ...#
#.# #.#.....#


There were no monsters in sight!

Vanquished Creatures
  A yak (D:7)
  2 orc warriors
  3 ogres
  A centaur (D:5)
  A big kobold (Sewer)
  A scorpion (D:8)
  3 wights (D:6)
  A crimson imp (D:5)
  A gnoll shaman (D:3)
  An orc priest (D:3)
  3 hounds
  A jelly (D:5)
  2 orc wizards
  A quasit (D:7)
  Jessica (D:2)
  7 worker ants
  3 big kobold zombies (Ossuary)
  2 hound skeletons
  2 mummies
  A worker ant zombie (D:6)
  3 gnolls
  A river rat (D:3)
  11 adders
  A shadow imp (D:5)
  An ooze (D:1)
  An adder skeleton (D:5)
  A worm (D:3)
  19 orcs
  7 spectral bats (Ossuary)
  A bat skeleton (D:4)
  A bat zombie (D:6)
  5 giant cockroaches
  7 hobgoblins
  4 jackals
  5 ball pythons
  2 ball python zombies (D:5)
  14 bats
  A bat simulacrum (Ossuary)
  2 giant geckos
  2 giant newts
  8 gnoll zombies (Ossuary)
  8 goblins
  4 goblin simulacra (Ossuary)
  6 goblin zombies
  4 hobgoblin zombies (Ossuary)
  16 kobolds
  4 kobold simulacra (Ossuary)
  4 kobold zombies (Ossuary)
  5 orc zombies
  3 quokkas
  2 quokka skeletons
  A quokka zombie (D:5)
  12 rats
  4 rat simulacra (Ossuary)
  4 spectral goblins (Ossuary)
  2 spectral rats (Ossuary)
214 creatures vanquished.

Vanquished Creatures (others)
  A gnoll zombie (Ossuary)
  A hobgoblin zombie (Ossuary)
  3 fungi (D:8)
  A plant (D:8)
6 creatures vanquished.

Grand Total: 220 creatures vanquished

Notes
Turn   | Place    | Note
--------------------------------------------------------------
     0 | D:1      | amnekian the Minotaur Fighter began the quest for the Orb.
     0 | D:1      | Reached XP level 1. HP: 19/19 MP: 0/0
   771 | D:1      | Reached XP level 2. HP: 24/26 MP: 1/1
   856 | D:2      | Found a blossoming altar of Fedhas.
   856 | D:2      | Noticed Jessica
   860 | D:2      | Killed Jessica
   860 | D:2      | Reached skill level 4 in Long Blades
   860 | D:2      | Reached XP level 3. HP: 31/31 MP: 2/2
   940 | D:2      | Reached skill level 5 in Long Blades
  1075 | D:2      | Found a glowing silver altar of Zin.
  1336 | D:2      | Reached XP level 4. HP: 39/39 MP: 3/3
  1659 | D:3      | Found a glowing drain.
  1663 | Sewer    | Entered a sewer
  1850 | Sewer    | Noticed a big kobold
  1863 | Sewer    | Killed a big kobold
  1863 | Sewer    | Reached skill level 6 in Long Blades
  1863 | Sewer    | Reached XP level 5. HP: 45/45 MP: 4/4
  1910 | Sewer    | Found a white marble altar of Elyvilon.
  2028 | D:3      | Reached skill level 7 in Long Blades
  2373 | D:3      | Found a burning altar of Makhleb.
  2604 | D:3      | Reached XP level 6. HP: 49/51 MP: 5/5
  2805 | D:3      | Found a deep blue altar of Sif Muna.
  3207 | D:3      | Reached skill level 8 in Long Blades
  3308 | D:4      | Reached skill level 5 in Shields
  3312 | D:4      | Found a shimmering altar of Xom.
  3508 | D:4      | Found a staircase to the Ecumenical Temple.
  3527 | Temple   | Entered the Ecumenical Temple
  3600 | Temple   | Became a worshipper of Ru the Awakened
  3657 | D:4      | Found a sand-covered staircase.
  3667 | Ossuary  | Entered an ossuary
  3816 | Ossuary  | Reached XP level 7. HP: 57/57 MP: 6/6
  4731 | D:5      | Entered Level 5 of the Dungeon
  4779 | D:4      | Fell from the grace of Ru
  4779 | D:4      | Became a worshipper of Xom the Begetter of Turbulence
  4971 | D:5      | Found a snail-covered altar of Cheibriados.
  4974 | D:5      | Found a deep blue altar of Sif Muna.
  4976 | D:5      | XOM: potion effect (haste)
  4983 | D:5      | Reached skill level 5 in Armour
  5206 | D:5      | XOM: noise
  5501 | D:5      | Reached XP level 8. HP: 59/64 MP: 7/7
  5592 | D:5      | XOM: enchant monster (good)
  5645 | D:5      | XOM: harmless Divn miscast
  6640 | D:8      | Found a staircase to the Lair.
  6685 | D:8      | XOM: fog
  6688 | D:8      | XOM: cast spell 'Ring of Flames'
  6697 | D:8      | Reached skill level 9 in Armour
  6734 | D:8      | XOM: noise
  6738 | D:8      | Reached skill level 1 in Evocations
  6772 | D:8      | XOM: silly message
  6839 | D:8      | XOM: summons friendly iron imp
  6848 | D:8      | XOM: cast spell 'Excruciating Wounds'
  7063 | D:$      | Got out of the dungeon alive.

Vault maps used:
D:1:      noname_arrival_rooms_in_the_neighbourhood
D:2:      fedhas_altar_1, zin_scriptorium, uniq_jessica
D:3:      nicolae_overflow_crystal_walls, gup_sewer_entry_bowl, led_sif_pool
D:4:      xom_teletrap_fun, minmay_temple_entry_junction, first_bread,
          nicolae_ossuary_entry_giza, minivault_5
D:5:      grunt_temple_overflow_open
D:7:      okawaru_altar_gauntlet_db, uniq_joseph
D:8:      nicolae_gozag_cash_rules_everything_around_me,
          due_lair_maze_entry_diamond
Temple:   cyrus_temple_forest_13
Sewer:    sewer_kobolds
Ossuary:  ossuary_zaba_two_paths

Action                   |  1- 3 |  4- 6 |  7- 9 || total
-------------------------+-------+-------+-------++-------
Melee: Long sword        |    46 |   280 |   266 ||   592
 Fire: Hunting sling     |     4 |     8 |    25 ||    37
Throw: Stone             |       |     1 |     1 ||     2
  Use: Scroll            |       |     2 |    11 ||    13
       Potion            |       |       |     1 ||     1
  Eat: Chunk             |     1 |     8 |     9 ||    18
       Beef jerky        |       |     1 |       ||     1
